 Dungeon Crawl Stone Soup version 0.27.1-1-g398f81649c (webtiles) character file.

Game seed: 13789127220007272275

42 diana the Magician (level 3, -3/28 HPs)
             Began as a Djinni Ice Elementalist on Sept 18, 2021.
             Slain by an orc (6 damage)
             ... on level 2 of the Dungeon.
             The game lasted 00:03:34 (2942 turns).

diana the Magician (Djinni Ice Elementalist)        Turns: 2942, Time: 00:03:35

Health: -3/28      AC:  2    Str:  7    XL:     3   Next: 77%
Gold:   135        EV: 12    Int: 17    God:
                   SH:  0    Dex: 13

rFire    + + .     SeeInvis .   f - +4 dagger (holy)
rCold    x . .     Faith    .   (no shield)
rNeg     . . .     Spirit   .   a - +0 robe
rPois    ∞         Reflect  .   (no helmet)
rElec    .         Harm     .   (no cloak)
rCorr    .         Rampage  .   (no gloves)
Will     .....                  (boots unavailable)
Stlth    ++........             (no amulet)
HPRegen  0.09/turn              (no ring)
MPRegen  0.00/turn              (no ring)

@: flying
A: sickness immunity, fire resistance 2, cold vulnerability 1, float, innate
caster, hp casting, extra vitality 1
a: no special abilities


You were on level 2 of the Dungeon.
You visited 1 branch of the dungeon, and saw 3 of its levels.

You collected 135 gold pieces.

Inventory:

Hand Weapons
 f - a +4 dagger of holy wrath (weapon)
Armour
 a - a +0 robe (worn)
Scrolls
 b - 4 scrolls of immolation
 c - 2 scrolls of enchant weapon {unknown}
 e - a scroll of holy word {unknown}
 g - a scroll of enchant armour {unknown}
Potions
 d - a potion of haste {unknown}


   Skills:
 * Level 2.0 Fighting
 + Level 2.8 Dodging
 - Level 1.5 Stealth
 + Level 3.5 Spellcasting


You couldn't memorise any spells.
You knew the following spells:

 Your Spells              Type           Power      Damage    Failure   Level
a - Freeze                Ice            56%        1d7       4%          1
b - Frozen Ramparts       Ice            28%        1d4       12%         3
c - Ozocubu's Armour      Ice            14%        N/A       12%         3
d - Hailstorm             Conj/Ice       14%        3d5       36%         4
e - Animate Skeleton      Necr           28%        N/A       4%          1
Your spell library was empty.

Dungeon Overview and Level Annotations

Branches:
Dungeon (3/15)

Altars:
Cheibriados

Shops:
D:2 =


Innate Abilities, Weirdness & Mutations

You are immune to sickness and miasma.
You are immune to poison.
Your flesh is very heat resistant. (rF++)
You are vulnerable to cold. (rC-)
You float through the air rather than walking.
You learn spells naturally, not from books.
Your magical power is your life essence.
You have superior vitality. (+4 HP)


Message History

Press: ? - help, Shift-Dir - straight line, f/p - worm
Aim: a worm (severely wounded)
You freeze the worm.
The worm is almost dead.
Casting: Freeze (safe; 4% risk of failure)
Confirm with . or Enter, or press ? or * to list all spells.
Aiming: Freeze (safe; 4% risk of failure)
Press: ? - help, Shift-Dir - straight line, f/p - worm
Aim: a worm (almost dead)
You freeze the worm.
You kill the worm!
You start resting.
HP restored.
Done exploring.
Done exploring.
(D) Dungeon
Where to? (Enter - D:3, ? - help)
There is a stone staircase leading down here.
You fly downwards.
The orc priest shouts!
The endoplasm quivers.
The orc shouts! x3
Found two stone staircases leading down.
There is a stone staircase leading up here.
There are monsters nearby!
You can't go down here!
The orc hits you with a +0 hand axe. The orc hits you with a +0 short sword.
The orc priest mumbles some strange prayers to Beogh against you.
Pain shoots through your body! The orc hits you with a +0 hand axe.
* * * LOW HITPOINT WARNING * * *
The endoplasm hits you.
* * * LOW HITPOINT WARNING * * *
You fly upwards.
There is a stone staircase leading down here.
As you read the scroll labelled CUUDGHO KYTISAO, it crumbles to dust.
The creatures around you are filled with an inner flame!
It was a scroll of immolation.
The endoplasm hits you.
* * * LOW HITPOINT WARNING * * *
The orc hits you with a +0 hand axe.
You die...

########.#.#
#.........##..#...
#.#.#
#..(......##......
#.#.#
#.........##......
#.#.#
#########.##.#####
#.#.#
#########.##......
##### #.#.#
##.........#######.
....####.#.#
#.......#### #.
....'....#.#
#.oo....# #.
....######.#
#.@o....# ######.
....# #># #oJ.....#
#....#. ._..# #>#
#.......# #.##.#.
....# #.#####.######
#.##.#. ....#
#.#........# #.##...
....######.#........#
#####.#####
........##.#........#
#..........
####.#####.#........#
#.#........ ####.#
#.#........#
#.#.#.#####


You could see an orc priest (inner flame), 3 orcs and an endoplasm (inner
flame).

Vanquished Creatures
  A worm (D:2)
  3 ball pythons (D:1)
  6 endoplasms
  4 giant cockroaches (D:1)
  3 goblins (D:1)
  3 hobgoblins
  3 quokkas (D:1)
  4 bats
  4 frilled lizards (D:1)
  2 kobolds
  2 rats (D:1)
35 creatures vanquished.

Notes
Turn   | Place    | Note
-------+----------+-------------------------------------------
     0 | D:1      | diana the Djinni Ice Elementalist began the quest for the
                  | Orb.
     0 | D:1      | Reached XP level 1. HP: 15/15 MP: 0/0
   145 | D:1      | Reached XP level 2. HP: 13/22 MP: 0/0
   337 | D:1      | Reached skill level 1 in Fighting
   989 | D:1      | Reached XP level 3. HP: 19/27 MP: 0/0
   989 | D:1      | Learned a level 1 spell: Animate Skeleton
  1929 | D:2      | Found Saike's Jewellery Shoppe.
  2386 | D:2      | Found a snail-covered altar of Cheibriados.
  2942 | D:2      | Slain by an orc

Illustrated notes

Levels and vault maps discovered:
D:1:      lemuel_arrival_room, layout_basic
D:2:      layout_basic, basic_altar, serial_shops, shop
D:3:      layout_basic, ebering_ghost_disaster_area,
          chequers_serial_rivers_room_a, grunt_ministairs_7, minivault_19,
          saegor_snake_ambush, uniq_grinder

Skill      XL: |  1  2  3 |
---------------+----------+-----
Fighting       | 1 2 |  2.0
Dodging        | |  2.8
Stealth        | |  1.5
Spellcasting   | |  3.5

Action                   || total
-------------------------++-------
Melee: Unarmed           ||     2
       Dagger            ||     8
 Cast: Freeze            ||    53
  Use: Scroll            ||     1
Armor: Robe              ||     4
Dodge: Dodged            ||    34
